 Dungeon Sprint DCSS version 0.28-a0-224-g76b539d98b (webtiles) character file.

Game seed: 79210954327890532

79 tbh1313 the Shield-Bearer (level 4, -1/28 HPs)
             Began as a Gargoyle Fighter on Aug 22, 2021.
             Slain by a water elemental (17 damage)
             ... in the Dungeon (Sprint III: "The Ten Rune Challenge").
             The game lasted 00:01:01 (278 turns).

tbh1313 the Shield-Bearer (Gargoyle Fighter)         Turns: 278, Time: 00:01:01

Health: -1/28      AC: 10    Str: 19    XL:     4   Next: 38%
Magic:  4/4        EV:  7    Int: 10    God:
Gold:   12         SH:  9    Dex:  9    Spells: 3/3 levels left

rFire   . . .      SeeInvis .   a - +0 flail
rCold   . . .      Faith    .   c - +0 kite shield
rNeg    + . .      Spirit   .   b - +0 scale mail
rPois   ∞          Reflect  .   (no helmet)
rElec   +          Harm     .   (no cloak)
rCorr   .          Rampage  .   (no gloves)
Will    .....      NoTele   +   (no boots)
Stlth   ..........              (no amulet)
HPRegen 0.09/turn               (no ring)
MPRegen 0.09/turn               (no ring)

@: engulfed
A: sickness immunity, AC +3, negative energy resistance 1, electricity
resistance, torment resistance 1, petrification resistance
a: no special abilities


You were in the Dungeon.
You visited 1 branch You collected 12 gold pieces.

Inventory:

Hand Weapons
 a - a +0 flail (weapon)
Armour
 b - a +0 scale mail (worn)
 c - a +0 kite shield (worn)
Scrolls
 d - a scroll of torment
 j - a scroll of blinking
 k - a scroll of identify
 n - a scroll of immolation
Potions
 e - a potion of curing
 f - a potion of heal wounds
 g - 2 potions of haste
 h - 2 potions of magic
 i - a potion of berserk rage
 l - 4 potions of flight
 m - 5 potions of mutation


   Skills:
 - Level 3.2 Fighting
 + Level 6.5 Maces & Flails
 - Level 3.2 Armour
 + Level 6.7 Shields


You had 3 spell levels left.
You didn't know any spells.
Your spell library was empty.

Dungeon Overview and Level Annotations

Branches:
Dungeon (1/1)

Altars:


Innate Abilities, Weirdness & Mutations

You are immune to sickness and miasma.
Your stone body is resilient. (AC +3)
You are immune to poison.
You resist negative energy. (rN+)
You are resistant to electric shocks. (rElec)
You are resistant to unholy torment.
You are immune to petrification.


Message History

Found 12 gold pieces and 2 potions of mutation.
There is an open door here.
You now have 7 gold pieces.
You now have 12 gold pieces (gained 5).
d - a scroll labelled LEBYVV JUEBA;
k - a scroll of identify
l - 2 potions of flight
Things that are here:
a potion of mutation; a potion of mutation
m - a potion of mutation;
m - 2 potions of mutation (gained 1)
m - 3 potions of mutation (gained 1);
n - a scroll labelled WIECE VAKHLA
k - 3 scrolls of identify (gained 2);
m - 5 potions of mutation (gained 2)
l - 4 potions of flight (gained 2)
There is an open door here.
As you read the scroll of identify, it crumbles to dust.
d - a scroll of torment
As you read the scroll of identify, it crumbles to dust.
n - a scroll of immolation You open the door.
A water elemental comes into view.
You barely miss the water elemental. You block the water elemental's attack.
You barely miss the water elemental. You block the water elemental's attack.
You barely miss the water elemental. The water elemental barely misses you.
You barely miss the water elemental. You block the water elemental's attack.
The water elemental hits you.
You sock the water elemental!
The water elemental is moderately damaged.
The water elemental hits you!
You hit the water elemental but do no damage.
The water elemental is moderately damaged.
The water elemental closely misses you.
You hit the water elemental but do no damage.
The water elemental is moderately damaged.
The water elemental hits you.
You hit the water elemental.
The water elemental is moderately damaged.
The water elemental hits you.
The water elemental engulfs you in water!
The water elemental hits you!
Ouch! That really hurt!
You die...

▓▓▓▓▓▓▓▓ ▓▓▓ <..#...####
##.# ...#......#####..#
..##.......#..#..#
##.##.##...#..#..# #+#+#
##.##.###..##'#..#......
#.####.##..###..@E.⌠....
.###..##..####...#...###
#.....##..###....# ⌠.#
###†.##...##.....# .#
##..##....#†.....# #
#..###..##.#.....# #[.#
#..#####....# ▓▓▓▓ ▓▓▓▓
▓▓▓▓▓▓


You could see a water elemental.

Levels and vault maps discovered:
D:        dungeon_sprint_mu [sprint_mu_entry_cave, sprint_mu_temple_rooms,
          sprint_mu_d1_spiders, sprint_mu_d2_genie, sprint_mu_d3_branching,
          sprint_mu_orc_legion, sprint_mu_elf_gauntlet, sprint_mu_hive_nellie,
          sprint_mu_lair_fedhas, sprint_mu_vaults_butterflies,
          sprint_mu_slime_circle, sprint_mu_swamp_cave, sprint_mu_shoals_archi,
          sprint_mu_blade_basic, sprint_mu_crypt_chambers,
          sprint_mu_tomb_spiral, sprint_mu_vestibule_basic,
          sprint_mu_gehenna_hellfire, sprint_mu_dis_giant,
          sprint_mu_tartarus_statrot, sprint_mu_cocytus_islands, sprint_mu_zot1]

Notes
Turn   | Place    | Note
-------+----------+-------------------------------------------
     0 | D        | tbh1313 the Gargoyle Fighter began the quest for the Orb.
     0 | D        | Reached XP level 1. HP: 14/14 MP: 1/1
    66 | D        | Noticed a scorpion
    75 | D        | Killed a scorpion
    76 | D        | Reached XP level 2. HP: 8/19 MP: 2/2
    76 | D        | Reached XP level 3. HP: 10/23 MP: 3/3
    76 | D        | Reached XP level 4. HP: 12/28 MP: 4/4
   269 | D        | Noticed a water elemental
   278 | D        | Slain by a water elemental

Table legend: (Time is in decaauts)
 A = Elapsed time spent in this place.
 B = Non-inter-level travel time spent in this place.
 C = Inter-level travel time spent in this place.
 D = Time resting spent in this place.
 E = Time spent auto-exploring this place.
 F = Levels seen in this place.
 G = Mean time per level.
                   A        B        C        D        E       F      G
               +--------+--------+--------+--------+--------+-----+--------+
         Total |    287 |    287 |      0 |    162 |     52 |   1 |  287.0 |
       Dungeon |    287 |    287 |      0 |    162 |     52 |   1 |  287.0 |
               +--------+--------+--------+--------+--------+-----+--------+

Top non-repeatable levels by time:
       D: 287 daAuts

Table legend:
 A = Kills in this place as a percentage of kills in entire the game.
 B = Kills by you in this place as a percentage of kills by you in the entire game.
 C = Kills by friends in this place as a percentage of kills by friends in the entire game.
 D = Other kills in this place as a percentage of other kills in the entire game.
 E = Experience gained in this place as a percentage of experience gained in the entire game.
 F = Experience gained in this place divided by the number of levels of this place that you have seen.
                   A       B       C       D       E      F
               +-------+-------+-------+-------+-------+----------------------
         Total | 100.0 | 100.0 |   N/A |   N/A | 100.0 | 114.0
       Dungeon | 100.0 | 100.0 |   N/A |   N/A | 100.0 | 114.0
               +-------+-------+-------+-------+-------+----------------------

Action                   |  1- 3 |  4- 6 || total
-------------------------+-------+-------++-------
Melee: Flail             |    12 |    16 ||    28
  Use: Potion            |     1 |       ||     1
       Scroll            |       |     2 ||     2
Armor: Scale mail        |     5 |     7 ||    12
Dodge: Dodged            |     2 |     4 ||     6
Block: Kite shield       |     5 |     5 ||    10

Vanquished Creatures
  A scorpion (D)
  A human (D)
  An endoplasm (D)
  3 rats (D)
6 creatures vanquished.
